 Dungeon Crawl Stone Soup version 0.27.1-4-g1640c2035a (webtiles) character file.

Game seed: 18016266972129196119

4 Descartes the Grasshopper (level 1, -3/9 HPs)
             Began as a Felid Warper on Nov 2, 2021.
             Slain by a goblin (4 damage)
             ... on level 1 of the Dungeon.
             The game lasted 00:00:56 (484 turns).

Descartes the Grasshopper (Felid Warper)             Turns: 484, Time: 00:00:57

Health: -3/9       AC:  1    Str:  7    XL:     1   Next: 58%
Magic:  4/4        EV: 18    Int: 14    God:
Gold:   0          SH:  0    Dex: 15    Spells: 4/4 levels left
                                        Lives:  0   Deaths: 0

rFire    . . .     SeeInvis +     - Unarmed
rCold    . . .     Faith    .   (shield unavailable)
rNeg     . . .     Spirit   .   (armour unavailable)
rPois    .         Reflect  .   (helmet unavailable)
rElec    .         Harm     .   (cloak unavailable)
rCorr    .         Rampage  .   (gloves unavailable)
Will     .....                  (boots unavailable)
Stlth    +.........             (no amulet)
HPRegen  0.03/turn              (no ring)
MPRegen  0.09/turn              (no ring)

@: quick
A: very small, claws 1, fangs 3, see invisible, speed 1, shaggy fur 1, stealthy
paws, no weapons or thrown items, no armour, multi-lived
a: no special abilities


You were on level 1 of the Dungeon.
You visited 1 branch of the dungeon, and saw 1 of its levels.

Inventory:

Missiles
 b - 10 stones
Scrolls
 a - a scroll of blinking
 c - a scroll of teleportation {unknown}


   Skills:
 - Level 2.0 Fighting
 + Level 3.4 Dodging
 + Level 2.2 Unarmed Combat
 - Level 2.0 Spellcasting
 - Level 4.4 Translocations


You had 4 spell levels left.
You didn't know any spells.
Your spell library contained the following spells:

 Spells                   Type           Power      Damage    Failure   Level
 Blink                    Tloc           N/A        N/A       6%          2
 Gell's Gravitas          Tloc           6%         N/A       12%         3
 Lesser Beckoning         Tloc           6%         N/A       12%         3
 Teleport Other           Tloc           13%        N/A       12%         3
 Manifold Assault         Tloc           13%        N/A       73%         5


Dungeon Overview and Level Annotations

Branches:
Dungeon (1/15)

Altars:


Innate Abilities, Weirdness & Mutations

You have sharp claws.
You have razor-sharp teeth.
You have supernaturally acute eyesight. (SInv)
You cover ground quickly. (Speed+)
You are covered in fur. (AC +1)
Your paws help you pounce on unaware monsters.
You are incapable of wielding weapons or throwing items.
You cannot wear armour.
You gain extra lives every three experience levels.


Message History

You barely miss the bat. The bat completely misses you.
The dart slug misses you. The bat misses you.
You scratch the bat but do no damage.
A nearby plant withers and dies.
The bat misses you. The dart slug misses you.
You scratch the dart slug but do no damage.
The bat closely misses you.
You closely miss the bat. The bat misses you. The dart slug closely misses you.
You barely miss the goblin. The bat misses you. The goblin misses you.
The bat misses you.
You scratch the bat.
The bat is moderately wounded.
The bat misses you. The dart slug misses you.
The goblin hits you with a +0 dagger.
You closely miss the bat. Your bite misses the bat.
The bat is moderately wounded.
The bat completely misses you. The bat hits you. The frilled lizard misses you.
The goblin closely misses you. The dart slug bites you.
You scratch the frilled lizard.
You kill the frilled lizard!
The bat completely misses you. The goblin misses you.
You scratch the goblin.
The goblin is moderately wounded.
The bat closely misses you. The dart slug closely misses you.
The goblin hits you with a +0 dagger.
* * * LOW HITPOINT WARNING * * *
You are too injured to fight recklessly!
You are too injured to fight recklessly!
You are too injured to fight recklessly!
You are too injured to fight recklessly!
You are too injured to fight recklessly!
You are too injured to fight recklessly!
You are too injured to fight recklessly!
You are too injured to fight recklessly!
You are too injured to fight recklessly!
You are too injured to fight recklessly!
You are too injured to fight recklessly!
You are too injured to fight recklessly!
You are too injured to fight recklessly!
The goblin hits you with a +0 dagger.
You die...

#.##♣♣ ♣♣..♣#[......
#.♣♣.♣♣♣.P♣.........
#...♣...♣♣♣.###...##
#.♣...♣P♣ ##. ...##
#.♣♣.P.P♣ .##.#
#..♣♣♣P.P♣ .##.#
###..♣P...♣ ###.# #
##...♣♣.PP♣####.# #.#
##.....♣♣♣♣.##..@# ...#
#...........##.bg#...##
#.[.............w.....#
#......................#
##......................
##...#...#.............
########...$..........
#...♣P........###
#....P♣....##.###


You could see a dart slug, a goblin and a bat.

Vanquished Creatures
  An endoplasm (D:1)
  A hobgoblin (D:1)
  A bat (D:1)
  A frilled lizard (D:1)
  A rat (D:1)
5 creatures vanquished.

Vanquished Creatures (others)
  12 plants (D:1)
12 creatures vanquished.

Grand Total: 17 creatures vanquished

Notes
Turn   | Place    | Note
-------+----------+-------------------------------------------
     0 | D:1      | Descartes the Felid Warper began the quest for the Orb.
     0 | D:1      | Reached XP level 1. HP: 9/9 MP: 4/4
   484 | D:1      | Slain by a goblin

Illustrated notes

Levels and vault maps discovered:
D:1:      mrwooster_arrival_statue_3, layout_rooms, serial_forest,
          infiniplex_forest_clump_C, infiniplex_forest_pool,
          infiniplex_forest_clump_C, infiniplex_forest_clump_curved,
          infiniplex_forest_straight_5, infiniplex_forest_lined_4_way,
          infiniplex_forest_clump_small, infiniplex_forest_join,
          infiniplex_forest_end_1

Action                   || total
-------------------------++-------
Melee: Unarmed           ||    22
       Bite              ||     1
 Stab: Sleeping          ||     1
Armor: Skin              ||     4
Dodge: Dodged            ||    35
